Map: Lerilak Crest

Players

Irri - Winner!

  • Race: Zerg Zerg
  • League: Platinum

A.I. 1 (Very Easy)

  • Race: Protoss Protoss

VOD

Have the link to the VOD?

Description

Time

  • Played on: Feb. 4, 2016, 12:56 p.m.
  • Length: 13:15
Show
View Real Time Build Order
Export as new Build Order

Irri Zerg - Winner!

Build Orders: Hatch First 

Get SALT Encoding   

  12  0:01  Drone  
  13  0:13  Overlord  
  13  0:17  Drone  
  14  0:31  Drone x2  
  16  0:36  Drone  
  17  0:53  Hatchery  
  17  0:57  Drone  
  17  0:59  Drone  
  17  1:02  Extractor  
  17  1:07  Drone  
  18  1:20  Spawning Pool  
  18  1:22  Drone  
  18  1:29  Drone  
  19  1:39  Overlord  
  19  1:52  Drone  
  20  2:01  Drone  
  20  2:06  Metabolic Boost  
  21  2:10  Queen x2  
  21  2:13  Zergling x2  
  26  2:16  Zergling x2  
  26  2:19  Drone  
  28  2:24  Drone  
  28  2:27  Drone  
  30  2:36  Drone  
  31  2:44  Drone x2  
  33  2:52  Hatchery  
  32  3:01  Overlord  
  32  3:06  Overlord  
  32  3:13  Overlord  
  32  3:18  Queen  
  34  3:20  Drone x2  
  34  3:24  Overlord  
  36  3:29  Drone  
  36  3:30  Drone x4  
  36  3:33  Drone  
  42  3:36  Drone  
  43  3:48  Extractor  
  43  3:50  Lair  
  43  3:52  Drone x3, Extractor  
  43  3:53  Drone  
  43  3:54  Extractor  
  45  4:02  Drone  
  45  4:03  Drone  
  45  4:07  Roach Warren  
  45  4:14  Drone x4  
  45  4:15  Drone x2  
  51  4:22  Overlord  
  51  4:28  Overlord  
  51  4:30  Drone x3  
  54  4:40  Overlord x2  
  54  4:44  Drone x3  
  57  4:47  Drone x2  
  57  4:50  Glial Reconstitution  
  59  5:00  Roach x2  
  59  5:01  Roach x2  
  59  5:02  Roach  
  59  5:05  Roach  
  71  5:11  Roach x2  
  71  5:12  Roach  
  71  5:13  Roach  
  79  5:17  Roach  
  81  5:22  Drone  
  81  5:23  Evolution Chamber x2  
  81  5:28  Roach x3  
  87  5:35  Drone  
  87  5:36  Drone x4  
  87  5:38  Drone  
  87  5:40  Drone  
  87  5:41  Drone  
  87  5:42  Drone  
  95  5:45  Overlord  
  94  5:54  Zerg Missile Weapons Level 1  
  94  5:55  Zerg Ground Armor Level 1  
  94  5:56  Drone x3  
  97  6:03  Overlord x2  
  96  6:04  Overlord  
  96  6:13  Drone, Extractor  
  96  6:14  Drone x6, Extractor  
  96  6:15  Drone  
  103  6:32  Drone  
  103  6:33  Drone x5  
  103  6:34  Drone x2  
  103  6:39  Drone x2  
  112  6:43  Extractor  
  112  6:44  Overlord x3  
  111  6:48  Hatchery  
  110  7:06  Roach x6, Extractor  
  110  7:07  Roach x6  
  110  7:08  Infestation Pit  
  132  7:10  Ravager x9  
  132  7:11  Ravager  
  132  7:12  Ravager x2  
  132  7:13  Ravager  
  132  7:14  Ravager  
  146  7:25  Overlord x5  
  146  7:28  Pneumatized Carapace  
  146  7:33  Queen  
  148  7:38  Queen  
  148  7:40  Overlord x2  
  148  7:42  Overseer x2  
  148  7:43  Overseer  
  150  7:53  Zerg Missile Weapons Level 2, Zerg Ground Armor Level 2  
  150  8:32  Infestor  
  150  8:33  Infestor x3  
  158  8:37  Pathogen Glands  
  158  8:53  Infestor x2  
  162  8:57  Hatchery  
  162  8:58  Extractor x2, Roach  
  162  8:59  Roach x8  
  162  9:00  Roach  
  179  9:07  Overlord x2  
  179  9:09  Roach x2  
  195  9:10  Roach x6  
  195  9:12  Roach  
  195  9:13  Roach  
  199  10:38  Hive  
Show
View Real Time Build Order
Export as new Build Order

A.I. 1 (Very Easy) Protoss 

Build Orders:  

Get SALT Encoding   

  12  0:01  Probe (Chrono Boost)  
  13  0:11  Probe (Chrono Boost)  
  14  0:19  Pylon  
  14  0:36  Assimilator  
  14  0:42  Gateway  
  14  0:44  Pylon  
  14  1:12  Assimilator  
  14  1:20  Probe (Chrono Boost)  
  15  1:30  Probe (Chrono Boost)  
  15  1:32  Cybernetics Core  
  16  1:41  Probe (Chrono Boost)  
  17  1:51  Probe (Chrono Boost)  
  18  1:57  Warp Gate  
  18  2:02  Probe (Chrono Boost)  
  19  2:08  Stalker  
  19  2:14  Probe (Chrono Boost)  
  22  5:20  Probe (Chrono Boost)  
  22  5:42  Zealot  
  24  5:45  Probe (Chrono Boost)  
  24  5:46  Pylon  
  24  5:48  Robotics Facility  
  25  5:54  Nexus  
  25  5:57  Probe (Chrono Boost)  
  26  6:07  Probe (Chrono Boost)  
  27  6:18  Probe (Chrono Boost)  
  26  6:21  Pylon  
  26  6:29  Probe (Chrono Boost)  
  27  6:34  Zealot  
  27  6:36  Observer  
  31  6:40  Probe (Chrono Boost)  
  31  6:55  Observer  
  33  7:08  Probe (Chrono Boost)  
  33  7:15  Probe (Chrono Boost)  
  34  7:17  Assimilator  
  34  7:18  Assimilator  
  34  7:22  Probe (Chrono Boost)  
  35  7:26  Stalker  
  35  7:29  Probe (Chrono Boost)  
  39  7:37  Probe (Chrono Boost)  
  39  7:43  Probe (Chrono Boost)  
  40  7:52  Probe (Chrono Boost)  
  40  7:58  Probe (Chrono Boost)  
  41  8:05  Probe (Chrono Boost)  
  42  8:12  Probe (Chrono Boost)  
  43  8:19  Probe (Chrono Boost)  
  44  8:26  Probe (Chrono Boost)  
  45  8:34  Probe (Chrono Boost)  
  46  8:41  Probe (Chrono Boost)  
  47  8:48  Probe (Chrono Boost)  
  48  10:02  Stalker  
  48  10:05  Pylon  
  50  10:13  Probe (Chrono Boost)  
  50  10:22  Probe (Chrono Boost)  
  44  10:30  Probe (Chrono Boost)  
  44  10:31  Zealot  
  46  10:36  Probe (Chrono Boost)  
  47  10:45  Probe (Chrono Boost)  
  48  10:51  Probe (Chrono Boost)  
  49  10:57  Warp Prism  
  49  10:58  Probe (Chrono Boost)  
  49  10:59  Gateway  
  49  11:03  Stargate  
  52  11:05  Robotics Bay, Probe (Chrono Boost)  
  52  11:06  Pylon  
  53  11:13  Probe (Chrono Boost)  
  54  11:25  Stalker  
  56  11:30  Warp Prism  
  47  11:49  Stalker  
  47  11:50  Observer Gravitic Boosters, Gateway  
  49  12:04  Observer  
  50  12:14  Stalker  
  51  12:18  Probe (Chrono Boost)  
  32  12:24  Pylon  
  32  12:25  Observer  
  32  12:29  Probe (Chrono Boost)  
  24  12:38  Zealot  
  24  12:40  Probe (Chrono Boost)  
  23  12:50  Nexus  
  24  12:52  Probe (Chrono Boost)  
  20  13:01  Assimilator  
  20  13:03  Probe (Chrono Boost)  
  16  13:07  Zealot  
  16  13:11  Nexus  
Tags
 
Add a new tag
Caveats
  • Supply blocks, unpowered buildings, or Contaminate may cause inaccurate times.
  • Supply counts are checked every 10 seconds.